MID
CLINTON LUMBERKINGS @ PEORIA CHIEFS
04/10/2099
 
TOP OF THE 1ST
Clinton LumberKings batting - Pitching for Peoria Chiefs : LHP Jayden Mann
Pitching: LHP Jayden Mann
Batting: RHB Willie Barrela 0-0: Called Strike
0-1: Reached on error, E6 (Groundball, 6S, EV 81.3 MPH)
Batting: LHB Joe Garland 0-0: Called Strike
Willie Barrela steals 2nd base
0-1: Foul Ball, location: 2F
0-2: Ball
1-2: Strikes out swinging
Batting: SHB Javy Flores 0-0: Ball
1-0: Ground out 4-3 (Groundball, 4M, EV 98.8 MPH)
Willie Barrela to third
Batting: RHB Josh Barker 0-0: Called Strike
0-1: Ball
1-1: Swinging Strike
1-2: Strikes out looking
Top of the 1st over - 0 runs, 0 hits, 1 error, 1 left on base; Clinton 0 - Peoria 0
BOTTOM OF THE 1ST
Peoria Chiefs batting - Pitching for Clinton LumberKings : RHP Brent Hitchcock
Pitching: RHP Brent Hitchcock
Batting: RHB Matt Carter 0-0: Called Strike
0-1: Foul Ball, location: 2F
0-2: Ball
1-2: Ball
2-2: Ball
3-2: Foul Ball, location: 2F
3-2: Base on Balls
Batting: RHB Scott Tetreault 0-0: Foul Ball, location: 2F
0-1: Called Strike
Matt Carter steals 2nd base
0-2: Foul Ball, location: 9LDF
0-2: Ball
1-2: Ball
2-2: Ground out 5-3 (Groundball, 56S, EV 66.3 MPH)
Matt Carter to third
Batting: RHB Jose Pineiro 0-0: Fly out, F3 (Popup, 3SF, EV 65.0 MPH)
Batting: RHB Marco Villalobos 0-0: 2-RUN HOME RUN (Flyball, 7D, EV 95.0 MPH), Distance : 351 ft
Batting: RHB Armando Aguilar 0-0: Called Strike
0-1: Foul Ball, location: 23F
0-2: SINGLE (Groundball, 5D, EV 109.4 MPH)
Batting: RHB Austin Church 0-0: Ball
1-0: Fielders Choice at 2nd, 5-4 (Groundball, 56, EV 105.6 MPH)
Bottom of the 1st over - 2 runs, 2 hits, 0 errors, 1 left on base; Clinton 0 - Peoria 2
TOP OF THE 2ND
Clinton LumberKings batting - Pitching for Peoria Chiefs : LHP Jayden Mann
Batting: LHB Jayden Pannell 0-0: Called Strike
0-1: Foul Ball, location: 2F
0-2: Strikes out looking
Batting: RHB Sean Flora 0-0: Foul Ball, location: 9LDF
0-1: Foul Ball, location: 2F
0-2: Foul Ball, location: 2F
0-2: Fly out, F7 (Flyball, 7S, EV 88.1 MPH)
Batting: RHB Jim Unknown 0-0: Ball
1-0: Called Strike
1-1: Foul Ball, location: 2F
1-2: Fly out, F8 (Flyball, 8LM, EV 91.9 MPH)
Top of the 2nd over - 0 runs, 0 hits, 0 errors, 0 left on base; Clinton 0 - Peoria 2
BOTTOM OF THE 2ND
Peoria Chiefs batting - Pitching for Clinton LumberKings : RHP Brent Hitchcock
Batting: RHB Scott DeMarinis 0-0: Ball
1-0: Ground out 4-3 (Groundball, 4, EV 109.4 MPH)
Batting: RHB Akuntha Udutha 0-0: Ball
1-0: Ball
2-0: Ball
3-0: Called Strike
3-1: Foul Ball, location: 2F
3-2: DOUBLE (Line Drive, 8LXD, EV 106.3 MPH)
Batting: RHB Steve Hutchens 0-0: Called Strike
0-1: Ball
1-1: Called Strike
Akuntha Udutha steals 3rd base
1-2: Ball
2-2: Ball
3-2: Ground out 4-3 (Groundball, 4M, EV 106.9 MPH)
Akuntha Udutha scores
Batting: RHB Matt Carter 0-0: Foul Ball, location: 2F
0-1: SINGLE (Line Drive, 78S, EV 100.0 MPH)
Batting: RHB Scott Tetreault 0-0: Foul Ball, location: 5DF
0-1: Ball
Matt Carter steals 2nd base
1-1: Ball
2-1: Ball
3-1: Called Strike
3-2: Base on Balls
Batting: RHB Jose Pineiro 0-0: Ball
1-0: Swinging Strike
1-1: Fly out, F3 (Popup, 3SF, EV 70.0 MPH)
Bottom of the 2nd over - 1 run, 2 hits, 0 errors, 2 left on base; Clinton 0 - Peoria 3
TOP OF THE 3RD
Clinton LumberKings batting - Pitching for Peoria Chiefs : LHP Jayden Mann
Batting: LHB Jim Unknown 0-0: Ball
1-0: Called Strike
1-1: Ball
2-1: Foul Ball, location: 7LSF
2-2: Ground out 4-3 (Groundball, 34D, EV 100.6 MPH)
Batting: LHB Jim Unknown 0-0: Called Strike
0-1: Foul Ball, location: 9LDF
0-2: Ground out 1-3 (Groundball, 13, EV 61.9 MPH)
Batting: RHB Willie Barrela 0-0: Ball
1-0: SINGLE (Line Drive, 4D, EV 99.4 MPH)
Batting: LHB Joe Garland 0-0: Ball
1-0: Called Strike
1-1: Ground out 4-3 (Groundball, 4, EV 81.9 MPH)
Top of the 3rd over - 0 runs, 1 hit, 0 errors, 1 left on base; Clinton 0 - Peoria 3
BOTTOM OF THE 3RD
Peoria Chiefs batting - Pitching for Clinton LumberKings : RHP Brent Hitchcock
Batting: RHB Marco Villalobos 0-0: Ball
1-0: Fly out, F8 (Flyball, 89M, EV 95.6 MPH)
Batting: RHB Armando Aguilar 0-0: Called Strike
0-1: Foul Ball, location: 2F
0-2: Ball
1-2: Ball
2-2: Ground out 5-3 (Groundball, 5S, EV 69.4 MPH)
Batting: RHB Austin Church 0-0: Ball
1-0: Ball
2-0: Single, Error in OF, E7, batter to second base (Line Drive, 7S, EV 101.9 MPH)
Batting: RHB Scott DeMarinis 0-0: Called Strike
0-1: Ball
1-1: Ball
2-1: Called Strike
2-2: Foul Ball, location: 2F
2-2: Strikes out looking
Bottom of the 3rd over - 0 runs, 1 hit, 1 error, 1 left on base; Clinton 0 - Peoria 3
TOP OF THE 4TH
Clinton LumberKings batting - Pitching for Peoria Chiefs : LHP Jayden Mann
Batting: SHB Javy Flores 0-0: Called Strike
0-1: Ball
1-1: Swinging Strike
1-2: Strikes out swinging
Batting: RHB Josh Barker 0-0: Ball
1-0: Ball
2-0: Called Strike
2-1: Called Strike
2-2: Ball
3-2: Foul Ball, location: 9LDF
3-2: Strikes out swinging
Batting: LHB Jayden Pannell 0-0: Called Strike
0-1: Ball
1-1: Called Strike
1-2: Ground out 6-3 (Groundball, 56, EV 98.1 MPH)
Top of the 4th over - 0 runs, 0 hits, 0 errors, 0 left on base; Clinton 0 - Peoria 3
BOTTOM OF THE 4TH
Peoria Chiefs batting - Pitching for Clinton LumberKings : RHP Brent Hitchcock
Batting: RHB Akuntha Udutha 0-0: Ball
1-0: Ball
2-0: Ball
3-0: Called Strike
3-1: Foul Ball, location: 9LMF
3-2: SINGLE (Line Drive, 4M, EV 108.8 MPH)
Batting: RHB Steve Hutchens 0-0: Ball
Akuntha Udutha steals 2nd base
1-0: Foul Ball, location: 2F
1-1: Ball
2-1: Ball
3-1: Called Strike
3-2: Foul Ball, location: 7LSF
3-2: SINGLE (Groundball, 34D, EV 96.3 MPH)
Akuntha Udutha to third
Runner from 3rd tries for Home, SAFE, throw by RF to home
Batting: RHB Matt Carter 0-0: Swinging Strike
0-1: Foul Ball, location: 2F
0-2: SINGLE (Line Drive, 6MD, EV 93.8 MPH)
Steve Hutchens to second
Batting: RHB Scott Tetreault 0-0: Called Strike
0-1: Ball
Wild Pitch!
Steve Hutchens to third
Matt Carter to second
1-1: Ball
2-1: Called Strike
2-2: Ball
3-2: Ground out 6-3 (Groundball, 6M, EV 78.1 MPH)
Steve Hutchens scores
Pitching: RHP Blake Kubler
Batting: RHB Jose Pineiro 0-0: Ball
1-0: Ball
2-0: Ball
3-0: Base on Balls
Batting: RHB Marco Villalobos 0-0: Called Strike
0-1: Swinging Strike
0-2: Ball
1-2: Strikes out swinging
Batting: RHB Armando Aguilar 0-0: Foul Ball, location: 5FF
0-1: Swinging Strike
0-2: Ball
1-2: Strikes out swinging
Bottom of the 4th over - 2 runs, 3 hits, 0 errors, 2 left on base; Clinton 0 - Peoria 5
TOP OF THE 5TH
Clinton LumberKings batting - Pitching for Peoria Chiefs : LHP Jayden Mann
Batting: RHB Sean Flora 0-0: Called Strike
0-1: Swinging Strike
0-2: Ball
1-2: Ball
2-2: Ball
3-2: Foul Ball, location: 3F
3-2: Base on Balls
Batting: RHB Jim Unknown 0-0: Called Strike
0-1: Ball
1-1: Swinging Strike
1-2: Ball
2-2: Strikes out swinging
Batting: LHB Jim Unknown 0-0: Ball
1-0: Ball
2-0: Swinging Strike
Passed Ball!
Sean Flora to second
2-1: Swinging Strike
2-2: Foul Ball, location: 25FF
2-2: Foul Ball, location: 5SF
2-2: Strikes out swinging
Batting: LHB Jim Unknown 0-0: Ground out 6-3 (Groundball, 6D, EV 103.8 MPH)
Top of the 5th over - 0 runs, 0 hits, 0 errors, 1 left on base; Clinton 0 - Peoria 5
BOTTOM OF THE 5TH
Peoria Chiefs batting - Pitching for Clinton LumberKings : RHP Blake Kubler
Batting: RHB Austin Church 0-0: Ground out U3 (Groundball, 3, EV 90.0 MPH)
Batting: RHB Scott DeMarinis 0-0: Ball
1-0: Called Strike
1-1: Ground out 6-3 (Groundball, 6, EV 81.3 MPH)
Batting: RHB Akuntha Udutha 0-0: Foul Ball, location: 2F
0-1: Ball
1-1: Fly out, F7 (Flyball, 7, EV 80.6 MPH)
Bottom of the 5th over - 0 runs, 0 hits, 0 errors, 0 left on base; Clinton 0 - Peoria 5
TOP OF THE 6TH
Clinton LumberKings batting - Pitching for Peoria Chiefs : LHP Jayden Mann
Batting: RHB Willie Barrela 0-0: Foul Ball, location: 9LMF
0-1: Foul Ball, location: 2F
0-2: Ball
1-2: Ground out 6-3 (Groundball, 6, EV 87.5 MPH)
Batting: LHB Joe Garland 0-0: Ball
1-0: Called Strike
1-1: Ground out 4-3 (Groundball, 4MD, EV 98.8 MPH)
Batting: SHB Javy Flores 0-0: Ball
1-0: Fly out, F7 (Flyball, 7, EV 88.1 MPH)
Top of the 6th over - 0 runs, 0 hits, 0 errors, 0 left on base; Clinton 0 - Peoria 5
BOTTOM OF THE 6TH
Peoria Chiefs batting - Pitching for Clinton LumberKings : RHP Blake Kubler
Batting: RHB Steve Hutchens 0-0: Called Strike
0-1: Ball
1-1: Ball
2-1: Swinging Strike
2-2: Ball
3-2: Base on Balls
Batting: RHB Matt Carter 0-0: Ball
1-0: Hit by Pitch
Steve Hutchens to second
Batting: RHB Scott Tetreault 0-0: Called Strike
0-1: Ball
1-1: Ball
2-1: Fly out, F8 (Flyball, 8LXD, EV 103.1 MPH)
Runner from 2nd tags up, SAFE at 3rd, no throw by CF
Batting: RHB Jose Pineiro 0-0: Called Strike
Matt Carter steals 2nd base
0-1: Ball
1-1: SINGLE (Line Drive, 89M, EV 91.9 MPH)
Steve Hutchens scores
Matt Carter to third
Batting: RHB Marco Villalobos 0-0: Called Strike
0-1: Fly out, F3 (Popup, 3SF, EV 80.6 MPH)
Batting: RHB Armando Aguilar 0-0: Ball
1-0: DOUBLE (Line Drive, 7LS, EV 112.5 MPH)
Matt Carter scores
Jose Pineiro to third
Batting: RHB Austin Church 0-0: Called Strike
0-1: Foul Ball, location: 2F
0-2: Ground out 4-3 (Groundball, 4, EV 109.4 MPH)
Bottom of the 6th over - 2 runs, 2 hits, 0 errors, 2 left on base; Clinton 0 - Peoria 7
TOP OF THE 7TH
Clinton LumberKings batting - Pitching for Peoria Chiefs : LHP Jayden Mann
Batting: RHB Josh Barker 0-0: Ball
1-0: Ball
2-0: Ball
3-0: SINGLE (Line Drive, 7S, EV 101.9 MPH)
Batting: LHB Jayden Pannell 0-0: Ball
1-0: Called Strike
1-1: Fly out, F8 (Flyball, 8RXD, EV 106.9 MPH)
Batting: RHB Sean Flora 0-0: Ball
1-0: Foul Ball, location: 9LDF
1-1: Ball
2-1: Foul Ball, location: 25F
2-2: Ball
3-2: Grounds into double play, 6-4-3 (Groundball, 6, EV 86.9 MPH)
Top of the 7th over - 0 runs, 1 hit, 0 errors, 0 left on base; Clinton 0 - Peoria 7
BOTTOM OF THE 7TH
Peoria Chiefs batting - Pitching for Clinton LumberKings : RHP Blake Kubler
Pinch Hitting: SHB Eddie Summers 0-0: Ball
1-0: Fly out, F9 (Flyball, 89D, EV 101.3 MPH)
Pinch Hitting: RHB John Bentz 0-0: Ball
1-0: Ball
2-0: Ball
3-0: Called Strike
3-1: Called Strike
3-2: Foul Ball, location: 2F
3-2: Foul Ball, location: 2F
3-2: Ground out U3 (Groundball, 34, EV 83.8 MPH)
Batting: RHB Steve Hutchens 0-0: SINGLE (Groundball, 6MD, EV 103.8 MPH)
Pinch Hitting: RHB Matt Knecht 0-0: Ball
1-0: Swinging Strike
1-1: Fly out, F8 (Line Drive, 8LM, EV 103.1 MPH)
Bottom of the 7th over - 0 runs, 1 hit, 0 errors, 1 left on base; Clinton 0 - Peoria 7
TOP OF THE 8TH
Clinton LumberKings batting - Pitching for Peoria Chiefs : LHP Jayden Mann
Pitching: LHP John Rozic
Now at 1B: Mike Gaskins
Now at SS: Eddie Summers
Now in CF: John Bentz
Now in RF: Marco Villalobos
Batting: RHB Jim Unknown 0-0: Ball
1-0: SINGLE (Line Drive, 7LS, EV 101.9 MPH)
Pinch Hitting: RHB Javier Aparicio 0-0: Ball
1-0: Ball
2-0: Ball
3-0: Called Strike
3-1: Foul Ball, location: 9LMF
3-2: Strikes out swinging
Jim Unknown steals 2nd base (no throw)
Batter strikes out.
Batting: LHB Jim Unknown 0-0: Called Strike
0-1: Called Strike
0-2: Ball
1-2: Strikes out looking
Batting: RHB Willie Barrela 0-0: Ground out 5-3 (Groundball, 5, EV 104.4 MPH)
Top of the 8th over - 0 runs, 1 hit, 0 errors, 1 left on base; Clinton 0 - Peoria 7
BOTTOM OF THE 8TH
Peoria Chiefs batting - Pitching for Clinton LumberKings : RHP Blake Kubler
Pitching: RHP Nate Sharp
Now in RF: Jim Unknown
Batting: RHB Scott Tetreault 0-0: Ball
1-0: Ball
2-0: Ball
3-0: Base on Balls
Pinch Hitting: SHB Sam Booker 0-0: Foul Ball, location: 5F
0-1: Called Strike
0-2: Fielders Choice at 2nd, 3-6 (Groundball, 3, EV 105.0 MPH)
Batting: RHB Marco Villalobos 0-0: Called Strike
0-1: Ball
1-1: SINGLE (Groundball, 56D, EV 107.5 MPH)
Sam Booker to second
Pinch Hitting: RHB Jose Romero 0-0: Foul Ball, location: 5FF
0-1: Called Strike
0-2: Ball
1-2: Strikes out swinging
Batting: RHB Austin Church 0-0: Called Strike
0-1: Foul Ball, location: 9LDF
0-2: Ball
1-2: Strikes out swinging
Bottom of the 8th over - 0 runs, 1 hit, 0 errors, 2 left on base; Clinton 0 - Peoria 7
TOP OF THE 9TH
Clinton LumberKings batting - Pitching for Peoria Chiefs : LHP John Rozic
Now at 1B: Jose Delgadillo
Now at 3B: Sam Booker
Now in LF: Mike Gaskins
Pinch Hitting: RHB Jim Unknown 0-0: Called Strike
0-1: Ball
1-1: Ball
2-1: Fly out, F4 (Popup, 4MD, EV 50.0 MPH)
Pinch Hitting: RHB Eric White 0-0: Foul Ball, location: 25F
0-1: Ball
1-1: Swinging Strike
1-2: Foul Ball, location: 2F
1-2: Strikes out swinging
Batting: RHB Josh Barker 0-0: Foul Ball, location: 2F
0-1: Ball
1-1: Ball
2-1: Ball
3-1: Foul Ball, location: 2F
3-2: Foul Ball, location: 2F
3-2: SOLO HOME RUN (Flyball, 78XD, EV 111.3 MPH), Distance : 404 ft
Batting: LHB Jayden Pannell 0-0: Ball
1-0: Swinging Strike
1-1: Foul Ball, location: 2F
1-2: Strikes out swinging
Top of the 9th over - 1 run, 1 hit, 0 errors, 0 left on base; Clinton 1 - Peoria 7
Friday, May 3rd , 2024 - OOTP Baseball 24.11 Build 85